AoeStats
← 白鹿城拉车车

Black Forest

507967842Analyzed
4v4 RM · 11d ago on Sep 20, 2026· 33m 34s· 8 players
Game mode
Random Map
Map size
Large (8 player)
Population
200
Speed
Normal
Resources
Standard
Victory
Conquest
Starting age
Dark Age
Ending age
Imperial Age
RankedLock teamsTeams togetherTeam positionsShared explorationLock speedFull tech treeHidden civsTurbo modeCheats
Victory
Defeat
🇨🇳 Jurchens · China
1378
+14
🇨🇳 Khmer · China
1316
+17
🇹🇭 Vikings · Thailand
1302
+17
🇨🇳 Shu · China
1285
+18
1376
-18
🇸🇪 Celts · Sweden
1354
-17
1318
-16
🇱🇹 Spanish · Lithuania
1293
-15
Jack
5:56 Loom
12:20 Feudal Age
13:11 Horse Collar
13:20 Double-Bit Axe
16:51 Castle Age
15:43 Horse Collar
20:58 Bow Saw
22:33 Bloodlines
22:36 Light Cavalry
25:10 Wheelbarrow
25:16 Gold Mining
25:16 Stone Mining
25:29 Heavy Plow
26:19 Husbandry
27:57 Hand Cart
31:18 Imperial Age
29:30 Gold Shaft Mining
29:36 Stone Shaft Mining
32:03 Scale Barding Armor
32:00 Town Watch
32:50 Crop Rotation
32:32 Forging
33:25 Conscription
33:06 Double Crossbow
33:21 Town Patrol
33:00 Elite Ballista Elephant
34:15 Chain Barding Armor
34:58 Chemistry
虾仁
0:51 Loom
22:45 Feudal Age
27:23 Castle Age
26:29 Double-Bit Axe
27:53 Stone Mining
白鹿城拉车车
10:39 Feudal Age
11:42 Double-Bit Axe
14:06 Castle Age
12:36 Horse Collar
15:23 Bow Saw
16:13 Wheelbarrow
23:09 Heavy Plow
24:41 Hand Cart
24:48 Gold Mining
25:26 Loom
28:41 Imperial Age
26:31 Scale Mail Armor
26:47 Forging
27:02 Caravan
27:32 Chain Mail Armor
27:35 Stone Mining
28:21 Gold Shaft Mining
27:36 Treadmill Crane
28:19 Squires
28:04 Arson
28:56 Iron Casting
28:49 Capped Ram
29:11 Heavy Scorpion
29:23 Siege Ram
29:59 Elite Fire Lancer
32:37 Blast Furnace
31:51 Fletching
33:10 Chemistry
32:31 Ballistics
33:00 Conscription
33:51 Gambesons
kirtokhan123
12:05 Feudal Age
11:16 Loom
16:35 Castle Age
14:40 Double-Bit Axe
15:34 Loom
19:17 Bow Saw
18:50 Horse Collar
20:34 Heavy Plow
24:28 Gambesons
25:21 Town Watch
25:54 Man-at-Arms
26:57 Fletching
27:24 Gold Mining
30:24 Imperial Age
28:08 Long Swordsman
28:55 Scale Mail Armor
29:38 Forging
29:40 Chieftains
31:13 Squires
30:59 Arson
30:35 Two-Handed Swordsman
32:21 Two-Man Saw
31:52 Crop Rotation
31:18 Stone Mining
32:05 Chain Mail Armor
32:49 Champion
Bangputys
1:58 Loom
The Spirit of Bonnie Blue
3:27 Loom
11:19 Feudal Age
13:02 Double-Bit Axe
15:18 Castle Age
13:49 Horse Collar
15:58 Wheelbarrow
16:45 Bow Saw
22:37 Heavy Plow
26:05 Gold Mining
28:58 Stone Mining
31:58 Imperial Age
30:44 Forging
30:39 Scale Barding Armor
32:25 Bloodlines
32:15 Husbandry
32:57 Hand Cart
33:54 Iron Casting
33:40 Chain Barding Armor
The Spirit of Charlie Kirk
0:30 Loom
14:36 Feudal Age
19:33 Castle Age
17:15 Horse Collar
17:24 Double-Bit Axe
17:32 Gold Mining
18:09 Stone Mining
20:57 Stone Shaft Mining
21:14 Bow Saw
26:36 Wheelbarrow
26:04 Heavy Plow
29:43 Imperial Age
29:18 Fletching
29:28 Padded Archer Armor
30:49 Bodkin Arrow
31:10 Leather Archer Armor
30:19 Elite Rattan Archer
31:29 Ballistics
32:41 Chemistry
32:47 Thumb Ring
32:48 Bracer
Zâbina
4:17 Loom
11:32 Feudal Age
12:01 Double-Bit Axe
13:57 Horse Collar
25:05 Castle Age
26:19 Heavy Plow
26:33 Bow Saw
27:33 Fletching
28:02 Stone Mining
28:38 Bodkin Arrow
30:21 Fervor
31:48 Wheelbarrow
35:19 Imperial Age
33:36 Hand Cart
Connection lost

Rejoining the realm…

Still unreachable

The connection could not be restored.

Session expired

The server has moved on; the page needs a fresh start.